 Dungeon Crawl Stone Soup version 0.31-a0-1074-g0b22e4e0f1 (webtiles) character file.

Game seed: 15407125911150831254

33 tbh1313 the Chopper (level 3, 0/31 HPs)
             Began as a Minotaur Berserker on Nov 30, 2023.
             Was a Follower of Trog.
             Slain by an orc
             ... wielding a +0 war axe
              (11 damage)
             ... on level 2 of the Dungeon.
             The game lasted 00:01:29 (738 turns).

tbh1313 the Chopper (Minotaur Berserker)             Turns: 738, Time: 00:01:29

Health: 0/31       AC:  2    Str: 21    XL:     3   Next: 12%
Magic:  2/2        EV: 12    Int:  6    God:    Trog [*.....]
Gold:   61         SH:  0    Dex:  9    Spells: 2/2 levels left

rFire   . . .        a - +1 hand axe
rCold   . . .        (no shield)
rNeg    . . .        b - +0 animal skin
rPois   .            (helmet restricted)
rElec   .            (no cloak)
rCorr   .            (no gloves)
SInv    +            (no boots)
Will    .....        (no amulet)
Stlth   +            f - ring of see invisible
HPRegen 0.25/turn    (no ring)
MPRegen 0.08/turn

%: no passive effects
@: no status effects
A: horns 2, retaliatory headbutt
a: Renounce Religion, Berserk


You were on level 2 of the Dungeon.
You worshipped Trog.
Trog was aware of your devotion.
You visited 1 branch of the dungeon, and saw 2 of its levels.

You collected 61 gold pieces.

Inventory:

Hand Weapons
 a - a +1 hand axe (weapon)
Missiles
 c - 3 javelins
Armour
 b - a +0 animal skin (worn)
Jewellery
 d - a ring of fire
 f - a ring of see invisible (left hand)
Potions
 e - a potion of curing {unknown}
 g - a potion of mutation {unknown}


   Skills:
 - Level 3.6 Fighting
 + Level 5.2 Axes
 - Level 2.4 Armour
 - Level 2.1 Dodging


You had 2 spell levels left.
You didn't know any spells.
Your spell library was empty.

Dungeon Overview and Level Annotations

Branches:
Dungeon (2/15)

Altars:


Innate Abilities, Weirdness & Mutations

You have a pair of horns on your head.
You reflexively headbutt those who attack you in melee.


Message History

An orc comes into view. It is wielding a +0 short sword.
The orc shouts!
You see here a +0 spear.
The orc closely misses you.
You hit the orc. Your headbutt misses the orc. Your punch misses the orc.
The orc is lightly wounded.
The orc hits you with a +0 short sword.
You hit the orc.
You kill the orc!
Trog accepts your kill.
An orc comes into view. It is wielding a +0 club.
Things that are here:
a +0 short sword; a +0 leather armour; an orc corpse You completely miss the orc.
The orc hits you but does no damage.
You hit the orc. You headbutt the orc, but do no damage.
The orc is lightly wounded.
The orc hits you with a +0 club.
You hit the orc.
The orc is severely wounded.
The orc barely misses you.
You hit the orc.
You kill the orc!
Trog accepts your kill.
You start resting.
An orc comes into view. It is wielding a +0 war axe.
Found a There-And-Back Book.
Things that are here:
a +0 club; an orc corpse The orc shouts!
You hit the orc but do no damage. The orc barely misses you.
You hit the orc.
The orc is lightly wounded.
The orc hits you with a +0 war axe!
You hit the orc but do no damage.
The orc is lightly wounded.
The orc completely misses you.
You hit the orc. Your headbutt misses the orc.
The orc is severely wounded.
The orc hits you with a +0 war axe!
You die...

.........#
.....##.#.# #
###..##.##.#.###.#
.....##.##.......>
#:##.##.###.#.##.#
#..........###...#
###.##.##.###.#.####
#.o.##.##.#....##
#@.#.)†...#..#
##)......##..#
##.).).###..#
##...## #..# ##.##
+..# #+# #..# #..#


You could see an orc.

Levels and vault maps discovered:
D:1:      minmay_arrival_stone_box, layout_rooms, minmay_misc_feat_cross,
          minivault_14, nicolae_figureground_sparkle
D:2:      layout_loops_ring, basic_altar, grunt_decor_arrowhead

Notes
Turn   | Place    | Note
-------+----------+-------------------------------------------
     0 | D:1      | tbh1313 the Minotaur Berserker began the quest for the Orb.
     0 | D:1      | Reached XP level 1. HP: 19/19 MP: 0/0
    90 | D:1      | Reached skill level 4 in Axes
   315 | D:1      | Reached XP level 2. HP: 26/26 MP: 1/1
   712 | D:2      | Reached skill level 5 in Axes
   714 | D:2      | Reached XP level 3. HP: 22/31 MP: 2/2
   738 | D:2      | Slain by an orc

Table legend: (Time is in decaauts)
 A = Elapsed time spent in this place.
 B = Non-inter-level travel time spent in this place.
 C = Inter-level travel time spent in this place.
 D = Time resting spent in this place.
 E = Time spent auto-exploring this place.
 F = Levels seen in this place.
 G = Mean time per level.
                   A        B        C        D        E       F      G
               +--------+--------+--------+--------+--------+-----+--------+
         Total |    740 |    699 |     41 |      7 |    535 |   2 |  370.0 |
       Dungeon |    740 |    699 |     41 |      7 |    535 |   2 |  370.0 |
               +--------+--------+--------+--------+--------+-----+--------+

Top non-repeatable levels by time:
     D:1: 653 daAuts
     D:2: 87 daAuts

Table legend:
 A = Kills in this place as a percentage of kills in the entire game.
 B = Kills by you in this place as a percentage of kills by you in the entire game.
 C = Kills by friends in this place as a percentage of kills by friends in the entire game.
 D = Other kills in this place as a percentage of other kills in the entire game.
 E = Experience gained in this place as a percentage of experience gained in the entire game.
 F = Experience gained in this place divided by the number of levels of this place that you have seen.
                   A       B       C       D       E      F
               +-------+-------+-------+-------+-------+----------------------
         Total | 100.0 | 100.0 |   N/A |   N/A | 100.0 |  24.0
       Dungeon | 100.0 | 100.0 |   N/A |   N/A | 100.0 |  24.0
               +-------+-------+-------+-------+-------+----------------------

Action                     || total
---------------------------++-------
  Melee: Hand axe          ||    56
         Headbutt          ||    10
    Use: Scroll            ||     3
   Stab: Sleeping          ||     1
 Armour: Animal skin       ||    26
  Dodge: Dodged            ||    22

Vanquished Creatures
  A worm (D:2)
  3 orcs (D:2)
  A ball python (D:1)
  2 bats (D:1)
  5 endoplasms
  A giant cockroach (D:1)
  2 goblins (D:1)
  A hobgoblin (D:2)
  2 jackals (D:1)
  A frilled lizard (D:1)
  A kobold (D:1)
  4 rats (D:1)
24 creatures vanquished.
